Influenza vs Ice Dragons
Created - January 30, 2019 at 19:01
Goals
|
| Influenza |
2 |
2 |
1 |
0 |
2 |
6 |
| Ice Dragons |
0 |
1 |
4 |
0 |
0 |
5 |
|
Shots
|
| Influenza |
13 |
13 |
5 |
0 |
3 |
31 |
| Ice Dragons |
7 |
10 |
13 |
3 |
2 |
33 |
|
1st period
1. Influenza , Max Domi 16 (Iiro Pakarinen 19, Jake Guentzel 14) at 2:38
2. Influenza , Mark Olver 12 (Iiro Pakarinen 20) at 15:11
Penalties :
No Penalty
2nd period
3. Ice Dragons , Luke Adam 16 (Stefan Ruzicka 35) at 7:16 (PP)
4. Influenza , Beau Bennett 36 (Jimmy Vesey 29, Tim Erixon 8) at 15:52
5. Influenza , Tim Erixon 5 (Charlie Coyle 32, Alex Killorn 17) at 16:10 (PP)
Penalties :
Luca Sbisa (VJB) for Tripping (Minor) at 6:00, Luke Adam (Kin) for Hooking (Minor) at 15:55, Matt Corrente (Kin) for Tripping (Minor) at 16:17
3rd period
6. Ice Dragons , Matt Corrente 2 (Stefan Ruzicka 36, Samuel Groulx 10) at 8:29
7. Influenza , Alex Killorn 7 (Mark Olver 18, Dmitry Sinitsyn 3) at 10:40
8. Ice Dragons , Chris Wagner 4 (Brandon Kozun 17) at 13:19
9. Ice Dragons , Cole Ully 4 (Matt Corrente 5, Sam Carrick 6) at 14:14
10. Ice Dragons , Stefan Ruzicka 22 (Luke Adam 15) at 19:01
Penalties :
Chris Wagner (Kin) for Tripping (Minor) at 1:55, Matt Corrente (Kin) for Interference (Minor) at 11:03
Overtime #1
No Goal
Penalties :
No Penalty
Shootout
Influenza, Beau Bennett - Goal!
Ice Dragons, Stefan Ruzicka - Stopped by Tyson Sexsmith
Influenza, Alex Killorn - Stopped by Harru Sateri
Ice Dragons, Luke Adam - Stopped by Tyson Sexsmith
Influenza, Jake Guentzel - Goal!
Penalties :
No Penalty
Goalie Stats
Tyson Sexsmith (VJB), 28 saves from 33 shots - (0.848), W, 7-4-1, 65:00 minutes
Harru Sateri (Kin), 26 saves from 31 shots - (0.839), OTL, 9-11-2, 64:56 minutes
Players Stats for Influenza
Player Name G A P +/- PIM S H SB GA TA FO MP PP MP PK MP
------------------------------------------------------------------------------------
Alex Killorn 1 1 2 0 0 8 0 3 1 0 1/1 18:38 3:19 1:16
Anthony Mantha 0 0 0 1 0 1 0 0 0 0 1/1 13:20 0:00 0:00
Beau Bennett 1 0 1 -1 0 3 3 0 3 1 1/2 22:24 3:19 0:00
Charlie Coyle 0 1 1 -1 0 2 2 0 1 0 17/38 24:46 3:19 1:16
Dmitry Sinitsyn 0 1 1 0 0 2 0 0 0 0 0/0 18:22 2:14 0:00
Iiro Pakarinen 0 2 2 0 0 1 2 0 1 0 0/0 15:33 0:16 0:00
Jake Guentzel 0 1 1 0 0 1 5 0 0 0 3/9 18:49 2:37 0:00
Jesse Graham 0 0 0 0 0 0 0 2 0 0 0/0 15:34 0:00 0:00
Jimmy Vesey 0 1 1 0 0 2 1 2 1 0 1/1 20:21 2:37 0:00
Johan Larsson 0 0 0 0 0 1 0 0 0 0 0/0 8:39 0:16 0:00
Jordan Schroeder 0 0 0 0 0 0 2 0 0 0 2/3 8:23 0:16 0:00
Justin Bailey 0 0 0 0 0 1 0 0 0 0 0/1 10:09 2:37 0:00
Luca Sbisa 0 0 0 0 2 3 4 0 1 0 0/0 24:43 3:58 0:00
Mark Olver 1 1 2 1 0 2 2 1 0 0 4/6 12:50 0:00 0:00
Max Domi 1 0 1 0 0 3 2 0 0 0 0/0 14:52 0:00 0:00
Nikita Zadorov 0 0 0 0 0 0 0 1 0 1 0/0 18:09 0:00 1:16
Paul Ladue 0 0 0 0 0 0 3 0 2 0 0/0 25:37 2:14 0:00
Tim Erixon 1 1 2 0 0 1 1 3 0 0 0/0 27:34 3:58 1:16
Players Stats for Ice Dragons
Player Name G A P +/- PIM S H SB GA TA FO MP PP MP PK MP
------------------------------------------------------------------------------------
Alex Plante 0 0 0 1 0 0 0 2 0 1 0/0 13:19 0:00 2:48
Brandon Kozun 0 1 1 0 0 1 5 0 0 1 0/0 19:11 0:16 1:14
Brayden McNabb 0 0 0 3 0 1 3 1 0 2 0/0 27:27 0:58 3:38
Chris Wagner 1 0 1 1 2 3 1 1 0 1 0/0 15:30 0:00 1:02
Christian Djoos 0 0 0 -1 0 0 0 0 0 0 0/0 6:46 0:00 0:00
Cole Ully 1 0 1 1 0 1 2 0 0 0 1/2 13:15 0:00 0:03
Damon Severson 0 0 0 -2 0 0 0 3 0 1 0/0 20:11 0:18 2:12
Emil Pettersson 0 0 0 0 0 0 0 1 0 0 2/2 8:59 0:00 0:00
Justin Shugg 0 0 0 0 0 0 0 0 0 0 0/0 6:13 0:00 0:00
Kevin Connauton 0 0 0 -1 0 0 0 1 0 0 0/0 7:39 0:00 0:41
Luke Adam 1 1 2 -1 2 3 0 0 0 0 17/33 22:22 1:00 3:12
Matt Corrente 1 1 2 2 4 5 5 1 1 1 0/0 24:34 0:58 0:53
Michael Chaput 0 0 0 0 0 3 2 0 0 0 4/8 19:26 0:16 1:44
Michael Ferland 0 0 0 0 0 3 2 0 0 0 1/1 18:41 0:16 1:28
Michael Stone 0 0 0 -2 0 1 2 0 0 2 0/0 20:11 0:18 2:12
Sam Carrick 0 1 1 1 0 4 0 0 0 0 2/7 15:28 0:00 0:12
Samuel Groulx 0 1 1 0 0 0 1 0 0 0 0/0 10:09 0:00 0:00
Stefan Ruzicka 1 2 3 -1 0 7 4 1 1 1 5/9 27:24 1:00 3:29
William Carrier 0 0 0 -1 0 1 1 0 0 0 0/0 16:59 1:00 0:00
3 Stars
1 - Stefan Ruzicka (Kin)
2 - Mark Olver (VJB)
3 - Tim Erixon (VJB)
Power Play
Influenza - 1 on 4 Attempt(s) - 25.00%
Ice Dragons - 1 on 1 Attempt(s) - 100.00%
Penalty Kill
Influenza - 0 on 1 Attempt(s) - 0.00%
- Score 0 goal in Penalty Kill
Ice Dragons - 3 on 4 Attempt(s) - 75.00%
- Score 0 goal in Penalty Kill
Team Stat
Influenza - Hits : 27 - Faceoff Wins : 30 - Blocked Shots : 12 - Penalty Minutes : 2
Ice Dragons - Hits : 28 - Faceoff Wins : 32 - Blocked Shots : 11 - Penalty Minutes : 8
Official
Referees : Unknown
Linesman : Unknown
Game Notes
No Game Note
Finance
Level 1 -- Attendance: 1467 (73.35%) -- Ticket Income $58,680
Level 2 -- Attendance: 800 (80.00%) -- Ticket Income $16,000
Total Attendance: 2267 (75.57%)
Total Ticket Income: $74,680
Other Income: $3,734
Total Income: $78,414
Influenza
5 vs 5 Forward
Center Left Wing Right Wing Time % Phy DF OF
1 Charlie Coyle Jimmy Vesey Beau Bennett 40 1 2 2
2 Jake Guentzel Max Domi Iiro Pakarinen 30 1 2 2
3 Mark Olver Alex Killorn Anthony Mantha 20 1 2 2
4 Jordan Schroeder Johan Larsson Justin Bailey 10 1 2 2
5 vs 5 Defense
Defense Defense Time % Phy DF OF
1 Paul Ladue Tim Erixon 40 1 2 2
2 Luca Sbisa Nikita Zadorov 30 1 2 2
3 Dmitry Sinitsyn Jesse Graham 20 1 2 2
4 Paul Ladue Luca Sbisa 10 1 2 2
PowerPlay Forward
Center Left Wing Right Wing Time % Phy DF OF
1 Charlie Coyle Alex Killorn Beau Bennett 60 1 2 2
2 Jake Guentzel Jimmy Vesey Justin Bailey 40 1 2 2
PowerPlay Defense
Defense Defense Time % Phy DF OF
1 Luca Sbisa Tim Erixon 60 1 2 2
2 Dmitry Sinitsyn Paul Ladue 40 1 2 2
Penalty Kill 4 Players Forward
Center Wing Time % Phy DF OF
1 Charlie Coyle Alex Killorn 60 1 2 2
2 Mark Olver Beau Bennett 40 1 2 2
Penalty Kill 4 Players Defense
Defense Defense Time % Phy DF OF
1 Luca Sbisa Tim Erixon 60 1 2 2
2 Nikita Zadorov Paul Ladue 40 1 2 2
Penalty Kill - 3 Players Forward
Forward Time % Phy DF OF
1 Charlie Coyle 60 1 2 2
2 Mark Olver 40 1 2 2
Penalty Kill - 3 Players Defense
Defense Defense Time % Phy DF OF
1 Luca Sbisa Tim Erixon 60 1 2 2
2 Nikita Zadorov Paul Ladue 40 1 2 2
4 vs 4 Forward
Center Wing Time % Phy DF OF
1 Charlie Coyle Alex Killorn 60 1 2 2
2 Mark Olver Beau Bennett 40 1 2 2
4 vs 4 Defense
Defense Defense Time % Phy DF OF
1 Luca Sbisa Tim Erixon 60 1 2 2
2 Nikita Zadorov Paul Ladue 40 1 2 2
Last Minutes Offensive
Center Left Wing Right Wing Defense Defense
Charlie Coyle Alex Killorn Beau Bennett Paul Ladue Tim Erixon
Last Minutes Defensive
Center Left Wing Right Wing Defense Defense
Charlie Coyle Alex Killorn Beau Bennett Paul Ladue Tim Erixon
Goaltenders
Starting : Tyson Sexsmith
Backup : Jeremy Duchesne
Extra Forwards
Normal : Anthony Mantha, Jake Guentzel, Alex Killorn - PP : Justin Bailey, Beau Bennett - PK : Mark Olver
Extra Defensemen
Normal : Dmitry Sinitsyn, Paul Ladue, Tim Erixon - PP : Dmitry Sinitsyn - PK : Luca Sbisa, Nikita Zadorov
Penalty Shots
Beau Bennett, Alex Killorn, Jake Guentzel, Jordan Schroeder, Mark Olver
Scratches
Jacob Josefson (Healthy), Shane Prince (Healthy), Jamie Devane (Healthy), Jeff Corbett (Healthy), Henri Ikonen (Healthy)
Calvin de Haan (Healthy), Fredric Larsson (Healthy), Tom Kuhnhackl (Healthy), Rocco Grimaldi (Healthy), Josh Andrerson (Healthy)
Nikita Gusev (Healthy), Jamie Phillips (Healthy)
Ice Dragons
5 vs 5 Forward
Center Left Wing Right Wing Time % Phy DF OF
1 Luke Adam William Carrier Stefan Ruzicka 40 1 2 2
2 Michael Chaput Michael Ferland Brandon Kozun 30 1 2 2
3 Sam Carrick Cole Ully Chris Wagner 20 1 2 2
4 Emil Pettersson Stefan Ruzicka Justin Shugg 10 1 2 2
5 vs 5 Defense
Defense Defense Time % Phy DF OF
1 Matt Corrente Brayden McNabb 40 1 2 2
2 Michael Stone Damon Severson 30 1 2 2
3 Samuel Groulx Alex Plante 20 1 2 2
4 Kevin Connauton Christian Djoos 10 1 2 2
PowerPlay Forward
Center Left Wing Right Wing Time % Phy DF OF
1 Luke Adam William Carrier Stefan Ruzicka 60 1 2 2
2 Michael Chaput Michael Ferland Brandon Kozun 40 1 2 2
PowerPlay Defense
Defense Defense Time % Phy DF OF
1 Matt Corrente Brayden McNabb 60 1 2 2
2 Michael Stone Damon Severson 40 1 2 2
Penalty Kill 4 Players Forward
Center Wing Time % Phy DF OF
1 Stefan Ruzicka Luke Adam 60 1 2 2
2 Michael Chaput Brandon Kozun 40 1 2 2
Penalty Kill 4 Players Defense
Defense Defense Time % Phy DF OF
1 Matt Corrente Brayden McNabb 60 1 2 2
2 Michael Stone Damon Severson 40 1 2 2
Penalty Kill - 3 Players Forward
Forward Time % Phy DF OF
1 Stefan Ruzicka 60 1 2 2
2 Luke Adam 40 1 2 2
Penalty Kill - 3 Players Defense
Defense Defense Time % Phy DF OF
1 Matt Corrente Brayden McNabb 60 1 2 2
2 Michael Stone Damon Severson 40 1 2 2
4 vs 4 Forward
Center Wing Time % Phy DF OF
1 Stefan Ruzicka Luke Adam 60 1 2 2
2 Michael Chaput Brandon Kozun 40 1 2 2
4 vs 4 Defense
Defense Defense Time % Phy DF OF
1 Matt Corrente Brayden McNabb 60 1 2 2
2 Michael Stone Damon Severson 40 1 2 2
Last Minutes Offensive
Center Left Wing Right Wing Defense Defense
Luke Adam William Carrier Stefan Ruzicka Matt Corrente Brayden McNabb
Last Minutes Defensive
Center Left Wing Right Wing Defense Defense
Luke Adam William Carrier Stefan Ruzicka Matt Corrente Brayden McNabb
Goaltenders
Starting : Harru Sateri
Backup : Oscar Dansk
Extra Forwards
Normal : Sam Carrick, Emil Pettersson, Chris Wagner - PP : Sam Carrick, Emil Pettersson - PK : Chris Wagner
Extra Defensemen
Normal : Samuel Groulx, Alex Plante, Kevin Connauton - PP : Samuel Groulx - PK : Alex Plante, Kevin Connauton
Penalty Shots
Stefan Ruzicka, Luke Adam, Michael Chaput, Brandon Kozun, Sam Carrick
Scratches
Brian Boyle (Fractured Metatarsal (Right Foot) Injury), Thomas Gobeil (Healthy), Theodor Blueger (Healthy), David Rundblad (Healthy), Alex Henriksson (Healthy)
Logan MacMillan (Lacerated Left Calf Injury), Anders Nilsson (Healthy)
% Time on Ice - Influenza
Lines # - Real PCT - Wanted PCT - Time Play
Normal Forward
1 - 35% - 40% - 18:05
2 - 29% - 30% - 15:00
3 - 22% - 20% - 11:44
4 - 14% - 10% - 7:28
Normal Defense
1 - 38% - 40% - 19:51
2 - 29% - 30% - 15:18
3 - 29% - 20% - 14:57
4 - 4% - 10% - 2:11
PP Forward
1 - 58% - 60% - 3:35
2 - 42% - 40% - 2:37
PP Defense
1 - 64% - 60% - 3:58
2 - 36% - 40% - 2:14
PK Forward
1 - 100% - 60% - 1:16
2 - 0% - 40% - 0:00
PK Defense
1 - 100% - 60% - 1:16
2 - 0% - 40% - 0:00
PK3 Forward
1 - 0% - 60%
2 - 0% - 40%
PK3 Defense
1 - 0% - 60%
2 - 0% - 40%
44 Forward
1 - 78% - 60% - 3:54
2 - 22% - 40% - 1:06
44 Defense
1 - 57% - 60% - 2:51
2 - 43% - 40% - 2:09
Last Minute Offensive - 0:00
Last Minute Defensive - 0:15
Total
Forward - 65:00
Defense - 65:00
|
% Time on Ice - Ice Dragons
Lines # - Real PCT - Wanted PCT - Time Play
Normal Forward
1 - 32% - 40% - 16:44
2 - 32% - 30% - 16:46
3 - 24% - 20% - 12:37
4 - 12% - 10% - 6:13
Normal Defense
1 - 39% - 40% - 20:25
2 - 29% - 30% - 15:10
3 - 19% - 20% - 9:59
4 - 13% - 10% - 6:46
PP Forward
1 - 79% - 60% - 1:00
2 - 21% - 40% - 0:16
PP Defense
1 - 76% - 60% - 0:58
2 - 24% - 40% - 0:18
PK Forward
1 - 80% - 60% - 4:58
2 - 20% - 40% - 1:14
PK Defense
1 - 65% - 60% - 4:00
2 - 35% - 40% - 2:12
PK3 Forward
1 - 0% - 60%
2 - 0% - 40%
PK3 Defense
1 - 0% - 60%
2 - 0% - 40%
44 Forward
1 - 79% - 60% - 3:58
2 - 21% - 40% - 1:02
44 Defense
1 - 50% - 60% - 2:29
2 - 50% - 40% - 2:31
Last Minute Offensive - 0:12
Last Minute Defensive - 0:00
Total
Forward - 65:00
Defense - 65:00
|
Play-by-Play
1st period
0:01 of 1st period - Luke Adam wins face-off versus Charlie Coyle in neutral zone.
0:04 of 1st period - Jimmy Vesey is hit by Brayden McNabb and loses puck.
0:09 of 1st period - Snap shot by Matt Corrente.
0:09 of 1st period - Deflect By Luke Adam.
0:09 of 1st period - Shot Misses the Net.
0:09 of 1st period - Puck is out of play.
0:10 of 1st period - Luke Adam wins face-off versus Charlie Coyle in Influenza zone.
0:11 of 1st period - Wrist shot by Stefan Ruzicka.
0:11 of 1st period - Deflect By Luke Adam.
0:11 of 1st period - Shot Misses the Net.
0:11 of 1st period - Puck is out of play.
0:12 of 1st period - Michael Chaput wins face-off versus Jake Guentzel in Influenza zone.
0:49 of 1st period - Snap shot by Sam Carrick.
0:49 of 1st period - Shot Blocked by Alex Killorn.
2:34 of 1st period - Snap shot by Charlie Coyle.
2:34 of 1st period - Stopped by Harru Sateri without a rebound.
2:35 of 1st period - Jake Guentzel wins face-off versus Luke Adam in Ice Dragons zone.
2:38 of 1st period - Wrist shot by Max Domi.
2:38 of 1st period - Goal by Max Domi - Influenza : 1 - Ice Dragons : 0.
2:39 of 1st period - Jake Guentzel wins face-off versus Luke Adam in neutral zone.
2:52 of 1st period - Tim Erixon is hit by Matt Corrente and loses puck.
3:22 of 1st period - Damon Severson is hit by Paul Ladue and loses puck.
3:30 of 1st period - Icing by Sam Carrick.
3:31 of 1st period - Emil Pettersson wins face-off versus Justin Bailey in Ice Dragons zone.
4:23 of 1st period - Snap shot by Mark Olver.
4:23 of 1st period - Shot Misses the Net.
5:24 of 1st period - Brandon Kozun is hit by Max Domi and loses puck.
5:43 of 1st period - Slapshot by Mark Olver.
5:43 of 1st period - Stopped by Harru Sateri with a rebound.
5:45 of 1st period - Slapshot by Alex Killorn.
5:45 of 1st period - Stopped by Harru Sateri with a rebound.
5:47 of 1st period - Wrist shot by Anthony Mantha.
5:47 of 1st period - Shot Misses the Net.
7:39 of 1st period - Paul Ladue is hit by Matt Corrente and loses puck.
7:58 of 1st period - William Carrier is hit by Jordan Schroeder and loses puck.
8:16 of 1st period - Icing by Beau Bennett.
8:17 of 1st period - Jake Guentzel wins face-off versus Michael Chaput in Influenza zone.
8:44 of 1st period - Charlie Coyle is hit by Samuel Groulx and loses puck.
9:01 of 1st period - Wrist shot by Justin Bailey.
9:01 of 1st period - Stopped by Harru Sateri without a rebound.
9:02 of 1st period - Luke Adam wins face-off versus Jordan Schroeder in Ice Dragons zone.
9:02 of 1st period - Luke Adam is hit by Jordan Schroeder.
9:27 of 1st period - Luca Sbisa is hit by Brandon Kozun and loses puck.
9:44 of 1st period - Nikita Zadorov is hit by Matt Corrente and loses puck.
9:49 of 1st period - Wrist shot by Michael Chaput.
9:49 of 1st period - Deflect By Brandon Kozun.
9:49 of 1st period - Shot Misses the Net.
9:49 of 1st period - Puck is out of play.
9:50 of 1st period - Charlie Coyle wins face-off versus Luke Adam in Influenza zone.
10:01 of 1st period - Slapshot by Beau Bennett.
10:01 of 1st period - Shot Blocked by Damon Severson.
10:03 of 1st period - Backhand shot by Beau Bennett.
10:03 of 1st period - Shot Misses the Net.
10:05 of 1st period - Slapshot by Dmitry Sinitsyn.
10:05 of 1st period - Stopped by Harru Sateri with a rebound.
10:15 of 1st period - Dmitry Sinitsyn is hit by Michael Stone and loses puck.
10:38 of 1st period - Wrist shot by Iiro Pakarinen.
10:38 of 1st period - Stopped by Harru Sateri with a rebound.
10:40 of 1st period - Snap shot by Dmitry Sinitsyn.
10:40 of 1st period - Deflect By Max Domi.
10:40 of 1st period - Shot Misses the Net.
10:40 of 1st period - Puck is out of play.
10:41 of 1st period - Luke Adam wins face-off versus Jake Guentzel in Ice Dragons zone.
10:52 of 1st period - Wrist shot by Stefan Ruzicka.
10:52 of 1st period - Stopped by Tyson Sexsmith without a rebound.
10:53 of 1st period - Charlie Coyle wins face-off versus Luke Adam in Influenza zone.
11:20 of 1st period - Michael Chaput is hit by Iiro Pakarinen and loses puck.
12:20 of 1st period - Snap shot by Charlie Coyle.
12:20 of 1st period - Shot Misses the Net.
12:22 of 1st period - Snap shot by Beau Bennett.
12:22 of 1st period - Stopped by Harru Sateri with a rebound.
13:00 of 1st period - Snap shot by Alex Killorn.
13:00 of 1st period - Stopped by Harru Sateri with a rebound.
13:02 of 1st period - Snap shot by Alex Killorn.
13:02 of 1st period - Deflect By Christian Djoos.
13:02 of 1st period - Stopped by Harru Sateri with a rebound.
13:18 of 1st period - Beau Bennett is hit by Stefan Ruzicka and loses puck.
13:41 of 1st period - Snap shot by Johan Larsson.
13:41 of 1st period - Deflect By Justin Bailey.
13:41 of 1st period - Shot Blocked by Kevin Connauton.
13:41 of 1st period - Puck is out of play.
13:42 of 1st period - Sam Carrick wins face-off versus Charlie Coyle in Ice Dragons zone.
13:42 of 1st period - Sam Carrick is hit by Jimmy Vesey.
14:08 of 1st period - Charlie Coyle is hit by Matt Corrente and loses puck.
14:25 of 1st period - Wrist shot by Beau Bennett.
14:25 of 1st period - Stopped by Harru Sateri with a rebound.
14:43 of 1st period - Off-side.
14:44 of 1st period - Michael Chaput wins face-off versus Jake Guentzel in neutral zone.
14:47 of 1st period - Dmitry Sinitsyn is hit by Brandon Kozun.
14:51 of 1st period - Max Domi is hit by Michael Ferland.
15:11 of 1st period - Wrist shot by Mark Olver.
15:11 of 1st period - Goal by Mark Olver - Influenza : 2 - Ice Dragons : 0.
15:12 of 1st period - Luke Adam wins face-off versus Jake Guentzel in neutral zone.
15:56 of 1st period - Snap shot by Michael Chaput.
15:56 of 1st period - Deflect By Chris Wagner.
15:56 of 1st period - Stopped by Tyson Sexsmith without a rebound.
15:57 of 1st period - Mark Olver wins face-off versus Sam Carrick in Influenza zone.
16:04 of 1st period - Snap shot by Sam Carrick.
16:04 of 1st period - Shot Misses the Net.
16:12 of 1st period - Snap shot by Sam Carrick.
16:12 of 1st period - Shot Misses the Net.
17:29 of 1st period - Snap shot by Sam Carrick.
17:29 of 1st period - Stopped by Tyson Sexsmith with a rebound.
17:41 of 1st period - Snap shot by Jimmy Vesey.
17:41 of 1st period - Stopped by Harru Sateri with a rebound.
18:15 of 1st period - Paul Ladue is hit by Stefan Ruzicka and loses puck.
18:28 of 1st period - Snap shot by Sam Carrick.
18:28 of 1st period - Shot Misses the Net.
18:30 of 1st period - Snap shot by Matt Corrente.
18:30 of 1st period - Stopped by Tyson Sexsmith with a rebound.
18:32 of 1st period - Wrist shot by Matt Corrente.
18:32 of 1st period - Deflect By Anthony Mantha.
18:32 of 1st period - Stopped by Tyson Sexsmith without a rebound.
18:33 of 1st period - Sam Carrick wins face-off versus Charlie Coyle in Influenza zone.
18:48 of 1st period - Slapshot by Matt Corrente.
18:48 of 1st period - Shot Blocked by Nikita Zadorov.
19:00 of 1st period - Slapshot by Brandon Kozun.
19:00 of 1st period - Shot Misses the Net.
19:02 of 1st period - Wrist shot by Michael Chaput.
19:02 of 1st period - Stopped by Tyson Sexsmith with a rebound.
19:23 of 1st period - Snap shot by William Carrier.
19:23 of 1st period - Deflect By Mark Olver.
19:23 of 1st period - Shot Blocked by Mark Olver.
19:23 of 1st period - Puck is out of play.
19:24 of 1st period - Charlie Coyle wins face-off versus Luke Adam in Influenza zone.
19:50 of 1st period - Snap shot by Michael Chaput.
19:50 of 1st period - Shot Misses the Net.
19:52 of 1st period - Slapshot by Alex Plante.
19:52 of 1st period - Shot Misses the Net.
19:54 of 1st period - Wrist shot by Michael Ferland.
19:54 of 1st period - Stopped by Tyson Sexsmith without a rebound.
19:55 of 1st period - Michael Chaput wins face-off versus Jake Guentzel in Influenza zone.
Goals for this period are 2 for Influenza vs 0 for Ice Dragons.
Shots for this period are 13 for Influenza vs 7 for Ice Dragons.
2nd period
0:01 of 2nd period - Charlie Coyle wins face-off versus Luke Adam in neutral zone.
0:27 of 2nd period - Matt Corrente is hit by Paul Ladue and loses puck.
0:56 of 2nd period - Anthony Mantha is hit by Cole Ully and loses puck.
1:19 of 2nd period - Snap shot by Luca Sbisa.
1:19 of 2nd period - Shot Misses the Net.
2:11 of 2nd period - Alex Killorn is hit by Brayden McNabb and loses puck.
4:10 of 2nd period - Michael Ferland is hit by Jake Guentzel and loses puck.
4:29 of 2nd period - Backhand shot by Alex Killorn.
4:29 of 2nd period - Shot Misses the Net.
6:00 of 2nd period - Minor Penalty to Luca Sbisa for Tripping.
6:01 of 2nd period - Charlie Coyle wins face-off versus Luke Adam in Influenza zone.
6:31 of 2nd period - Off-side.
6:32 of 2nd period - Luke Adam wins face-off versus Charlie Coyle in neutral zone.
6:41 of 2nd period - Snap shot by Stefan Ruzicka.
6:41 of 2nd period - Deflect By William Carrier.
6:41 of 2nd period - Shot Blocked by Alex Killorn.
6:41 of 2nd period - Puck is out of play.
6:42 of 2nd period - Luke Adam wins face-off versus Charlie Coyle in Influenza zone.
6:48 of 2nd period - Off-side.
6:49 of 2nd period - Luke Adam wins face-off versus Charlie Coyle in neutral zone.
6:56 of 2nd period - Wrist shot by Matt Corrente.
6:56 of 2nd period - Stopped by Tyson Sexsmith without a rebound.
6:57 of 2nd period - Charlie Coyle wins face-off versus Luke Adam in Influenza zone.
7:08 of 2nd period - Snap shot by Stefan Ruzicka.
7:08 of 2nd period - Shot Misses the Net.
7:10 of 2nd period - Snap shot by William Carrier.
7:10 of 2nd period - Stopped by Tyson Sexsmith without a rebound.
7:11 of 2nd period - Luke Adam wins face-off versus Charlie Coyle in Influenza zone.
7:16 of 2nd period - Wrist shot by Luke Adam.
7:16 of 2nd period - Goal by Luke Adam - Influenza : 2 - Ice Dragons : 1.
7:17 of 2nd period - Luke Adam wins face-off versus Charlie Coyle in neutral zone.
7:42 of 2nd period - Brayden McNabb is hit by Iiro Pakarinen and loses puck.
7:51 of 2nd period - Snap shot by Iiro Pakarinen.
7:51 of 2nd period - Shot Blocked by Matt Corrente.
8:05 of 2nd period - Snap shot by Johan Larsson.
8:05 of 2nd period - Stopped by Harru Sateri without a rebound.
8:06 of 2nd period - Jordan Schroeder wins face-off versus Cole Ully in Ice Dragons zone.
8:13 of 2nd period - Slapshot by Michael Stone.
8:13 of 2nd period - Shot Blocked by Jesse Graham.
8:15 of 2nd period - Snap shot by Sam Carrick.
8:15 of 2nd period - Stopped by Tyson Sexsmith without a rebound.
8:16 of 2nd period - Charlie Coyle wins face-off versus Luke Adam in Influenza zone.
8:51 of 2nd period - Wrist shot by Max Domi.
8:51 of 2nd period - Stopped by Harru Sateri without a rebound.
8:52 of 2nd period - Luke Adam wins face-off versus Mark Olver in Ice Dragons zone.
9:17 of 2nd period - Matt Corrente is hit by Luca Sbisa and loses puck.
9:30 of 2nd period - Snap shot by Iiro Pakarinen.
9:30 of 2nd period - Shot Blocked by Brayden McNabb.
9:50 of 2nd period - Off-side.
9:51 of 2nd period - Luke Adam wins face-off versus Jake Guentzel in neutral zone.
9:56 of 2nd period - Snap shot by Luke Adam.
9:56 of 2nd period - Shot Misses the Net.
10:13 of 2nd period - Icing by Luca Sbisa.
10:14 of 2nd period - Charlie Coyle wins face-off versus Michael Chaput in Influenza zone.
10:18 of 2nd period - Off-side.
10:19 of 2nd period - Michael Chaput wins face-off versus Charlie Coyle in neutral zone.
10:28 of 2nd period - Slapshot by Michael Chaput.
10:28 of 2nd period - Stopped by Tyson Sexsmith with a rebound.
10:30 of 2nd period - Snap shot by Michael Ferland.
10:30 of 2nd period - Stopped by Tyson Sexsmith without a rebound.
10:31 of 2nd period - Charlie Coyle wins face-off versus Luke Adam in Influenza zone.
12:24 of 2nd period - Wrist shot by Jake Guentzel.
12:24 of 2nd period - Stopped by Harru Sateri with a rebound.
12:26 of 2nd period - Wrist shot by Max Domi.
12:26 of 2nd period - Shot Blocked by Chris Wagner.
12:28 of 2nd period - Backhand shot by Dmitry Sinitsyn.
12:28 of 2nd period - Stopped by Harru Sateri without a rebound.
12:29 of 2nd period - Jimmy Vesey wins face-off versus Michael Chaput in Ice Dragons zone.
12:32 of 2nd period - Wrist shot by Jimmy Vesey.
12:32 of 2nd period - Shot Misses the Net.
12:42 of 2nd period - Snap shot by Matt Corrente.
12:42 of 2nd period - Shot Misses the Net.
13:20 of 2nd period - Kevin Connauton is hit by Luca Sbisa and loses puck.
13:33 of 2nd period - Stefan Ruzicka is hit by Tim Erixon and loses puck.
13:43 of 2nd period - Icing by Paul Ladue.
13:44 of 2nd period - Charlie Coyle wins face-off versus Michael Chaput in Influenza zone.
13:44 of 2nd period - Charlie Coyle is hit by Brandon Kozun.
14:12 of 2nd period - Snap shot by Alex Killorn.
14:12 of 2nd period - Stopped by Harru Sateri without a rebound.
14:13 of 2nd period - Mark Olver wins face-off versus Luke Adam in Ice Dragons zone.
14:24 of 2nd period - Wrist shot by Alex Killorn.
14:24 of 2nd period - Shot Misses the Net.
14:39 of 2nd period - Samuel Groulx is hit by Beau Bennett and loses puck.
14:52 of 2nd period - Wrist shot by Beau Bennett.
14:52 of 2nd period - Shot Blocked by Alex Plante.
15:04 of 2nd period - Jake Guentzel is hit by Brandon Kozun and loses puck.
15:15 of 2nd period - Wrist shot by Brandon Kozun.
15:15 of 2nd period - Stopped by Tyson Sexsmith with a rebound.
15:22 of 2nd period - Icing by Johan Larsson.
15:23 of 2nd period - Mark Olver wins face-off versus Luke Adam in Influenza zone.
15:38 of 2nd period - Slapshot by Anthony Mantha.
15:38 of 2nd period - Stopped by Harru Sateri without a rebound.
15:39 of 2nd period - Stefan Ruzicka wins face-off versus Charlie Coyle in Ice Dragons zone.
15:52 of 2nd period - Snap shot by Beau Bennett.
15:52 of 2nd period - Goal by Beau Bennett - Influenza : 3 - Ice Dragons : 1.
15:53 of 2nd period - Luke Adam wins face-off versus Charlie Coyle in neutral zone.
15:55 of 2nd period - Minor Penalty to Luke Adam for Hooking.
15:56 of 2nd period - Charlie Coyle wins face-off versus Stefan Ruzicka in Ice Dragons zone.
16:00 of 2nd period - Wrist shot by Beau Bennett.
16:00 of 2nd period - Shot Misses the Net.
16:06 of 2nd period - Wrist shot by Alex Killorn.
16:06 of 2nd period - Stopped by Harru Sateri with a rebound.
16:08 of 2nd period - Wrist shot by Charlie Coyle.
16:08 of 2nd period - Stopped by Harru Sateri with a rebound.
16:10 of 2nd period - Slapshot by Tim Erixon.
16:10 of 2nd period - Goal by Tim Erixon - Influenza : 4 - Ice Dragons : 1.
16:11 of 2nd period - Charlie Coyle wins face-off versus Luke Adam in neutral zone.
16:17 of 2nd period - Minor Penalty to Matt Corrente for Tripping.
16:18 of 2nd period - Stefan Ruzicka wins face-off versus Charlie Coyle in Ice Dragons zone.
16:22 of 2nd period - Slapshot by Brayden McNabb.
16:22 of 2nd period - Stopped by Tyson Sexsmith with a rebound.
16:52 of 2nd period - Snap shot by Luca Sbisa.
16:52 of 2nd period - Stopped by Harru Sateri without a rebound.
16:53 of 2nd period - Beau Bennett wins face-off versus Stefan Ruzicka in Ice Dragons zone.
16:56 of 2nd period - Snap shot by Alex Killorn.
16:56 of 2nd period - Stopped by Harru Sateri with a rebound.
17:26 of 2nd period - Michael Ferland is hit by Beau Bennett and loses puck.
18:17 of 2nd period - Penalty to Matt Corrente is over, Matt Corrente is back on ice.
18:29 of 2nd period - Wrist shot by Matt Corrente.
18:29 of 2nd period - Stopped by Tyson Sexsmith with a rebound.
18:31 of 2nd period - Snap shot by Sam Carrick.
18:31 of 2nd period - Stopped by Tyson Sexsmith with a rebound.
18:45 of 2nd period - Anthony Mantha is hit by Stefan Ruzicka and loses puck.
18:58 of 2nd period - Snap shot by Brandon Kozun.
18:58 of 2nd period - Shot Misses the Net.
19:08 of 2nd period - Alex Killorn is hit by Stefan Ruzicka and loses puck.
19:54 of 2nd period - Snap shot by Charlie Coyle.
19:54 of 2nd period - Deflect By Jimmy Vesey.
19:54 of 2nd period - Stopped by Harru Sateri with a rebound.
Goals for this period are 2 for Influenza vs 1 for Ice Dragons.
Shots for this period are 13 for Influenza vs 10 for Ice Dragons.
3rd period
0:01 of 3rd period - Luke Adam wins face-off versus Charlie Coyle in neutral zone.
0:39 of 3rd period - Nikita Zadorov is hit by Michael Chaput and loses puck.
1:02 of 3rd period - Cole Ully is hit by Luca Sbisa and loses puck.
1:31 of 3rd period - Slapshot by Brayden McNabb.
1:31 of 3rd period - Shot Misses the Net.
1:45 of 3rd period - Michael Stone is hit by Jake Guentzel and loses puck.
1:50 of 3rd period - Wrist shot by Max Domi.
1:50 of 3rd period - Stopped by Harru Sateri without a rebound.
1:51 of 3rd period - Charlie Coyle wins face-off versus Sam Carrick in Ice Dragons zone.
1:55 of 3rd period - Minor Penalty to Chris Wagner for Tripping.
1:56 of 3rd period - Stefan Ruzicka wins face-off versus Charlie Coyle in Ice Dragons zone.
1:56 of 3rd period - Stefan Ruzicka is hit by Luca Sbisa.
2:07 of 3rd period - Slapshot by Luca Sbisa.
2:07 of 3rd period - Stopped by Harru Sateri with a rebound.
3:55 of 3rd period - Penalty to Chris Wagner is over, Chris Wagner is back on ice.
4:18 of 3rd period - Paul Ladue is hit by Chris Wagner and loses puck.
4:35 of 3rd period - Max Domi is hit by Michael Chaput and loses puck.
4:54 of 3rd period - Damon Severson is hit by Mark Olver and loses puck.
5:12 of 3rd period - Jordan Schroeder is hit by Brandon Kozun and loses puck.
5:25 of 3rd period - Slapshot by Iiro Pakarinen.
5:25 of 3rd period - Shot Misses the Net.
5:45 of 3rd period - Brandon Kozun is hit by Max Domi and loses puck.
6:13 of 3rd period - Icing by Justin Bailey.
6:14 of 3rd period - Emil Pettersson wins face-off versus Beau Bennett in Influenza zone.
6:39 of 3rd period - Snap shot by Michael Ferland.
6:39 of 3rd period - Stopped by Tyson Sexsmith with a rebound.
7:06 of 3rd period - Icing by Paul Ladue.
7:07 of 3rd period - Jordan Schroeder wins face-off versus Sam Carrick in Influenza zone.
7:18 of 3rd period - Tim Erixon is hit by Cole Ully.
7:32 of 3rd period - Beau Bennett is hit by William Carrier and loses puck.
7:44 of 3rd period - Stefan Ruzicka is hit by Charlie Coyle and loses puck.
8:27 of 3rd period - Slapshot by Stefan Ruzicka.
8:27 of 3rd period - Stopped by Tyson Sexsmith with a rebound.
8:29 of 3rd period - Slapshot by Matt Corrente.
8:29 of 3rd period - Deflect By Iiro Pakarinen.
8:29 of 3rd period - Goal by Matt Corrente - Influenza : 4 - Ice Dragons : 2.
8:30 of 3rd period - Luke Adam wins face-off versus Charlie Coyle in neutral zone.
8:33 of 3rd period - Snap shot by Stefan Ruzicka.
8:33 of 3rd period - Stopped by Tyson Sexsmith with a rebound.
8:35 of 3rd period - Slapshot by William Carrier.
8:35 of 3rd period - Shot Misses the Net.
8:37 of 3rd period - Snap shot by Luke Adam.
8:37 of 3rd period - Stopped by Tyson Sexsmith with a rebound.
8:39 of 3rd period - Wrist shot by Matt Corrente.
8:39 of 3rd period - Shot Blocked by Jimmy Vesey.
8:55 of 3rd period - Michael Ferland is hit by Paul Ladue and loses puck.
10:32 of 3rd period - Slapshot by Dmitry Sinitsyn.
10:32 of 3rd period - Shot Blocked by Damon Severson.
10:34 of 3rd period - Slapshot by Jesse Graham.
10:34 of 3rd period - Shot Blocked by Emil Pettersson.
10:36 of 3rd period - Slapshot by Dmitry Sinitsyn.
10:36 of 3rd period - Shot Misses the Net.
10:38 of 3rd period - Wrist shot by Mark Olver.
10:38 of 3rd period - Shot Blocked by Stefan Ruzicka.
10:40 of 3rd period - Wrist shot by Alex Killorn.
10:40 of 3rd period - Goal by Alex Killorn - Influenza : 5 - Ice Dragons : 2.
10:41 of 3rd period - Charlie Coyle wins face-off versus Luke Adam in neutral zone.
11:03 of 3rd period - Minor Penalty to Matt Corrente for Interference.
11:04 of 3rd period - Charlie Coyle wins face-off versus Stefan Ruzicka in Ice Dragons zone.
11:07 of 3rd period - Snap shot by Beau Bennett.
11:07 of 3rd period - Shot Misses the Net.
11:09 of 3rd period - Snap shot by Alex Killorn.
11:09 of 3rd period - Shot Blocked by Alex Plante.
11:15 of 3rd period - Snap shot by Beau Bennett.
11:15 of 3rd period - Shot Misses the Net.
11:17 of 3rd period - Snap shot by Luca Sbisa.
11:17 of 3rd period - Deflect By Stefan Ruzicka.
11:17 of 3rd period - Stopped by Harru Sateri with a rebound.
11:19 of 3rd period - Snap shot by Alex Killorn.
11:19 of 3rd period - Stopped by Harru Sateri with a rebound.
12:31 of 3rd period - Chris Wagner is hit by Jake Guentzel and loses puck.
12:46 of 3rd period - Brayden McNabb is hit by Charlie Coyle and loses puck.
13:03 of 3rd period - Penalty to Matt Corrente is over, Matt Corrente is back on ice.
13:19 of 3rd period - Slapshot by Chris Wagner.
13:19 of 3rd period - Goal by Chris Wagner - Influenza : 5 - Ice Dragons : 3.
13:20 of 3rd period - Michael Ferland wins face-off versus Charlie Coyle in neutral zone.
14:00 of 3rd period - Snap shot by Stefan Ruzicka.
14:00 of 3rd period - Deflect By Luke Adam.
14:00 of 3rd period - Stopped by Tyson Sexsmith without a rebound.
14:01 of 3rd period - Cole Ully wins face-off versus Charlie Coyle in Influenza zone.
14:10 of 3rd period - Wrist shot by Matt Corrente.
14:10 of 3rd period - Shot Blocked by Tim Erixon.
14:12 of 3rd period - Slapshot by Matt Corrente.
14:12 of 3rd period - Shot Blocked by Jimmy Vesey.
14:14 of 3rd period - Backhand shot by Cole Ully.
14:14 of 3rd period - Goal by Cole Ully - Influenza : 5 - Ice Dragons : 4.
14:15 of 3rd period - Charlie Coyle wins face-off versus Luke Adam in neutral zone.
14:40 of 3rd period - Iiro Pakarinen is hit by Michael Ferland and loses puck.
15:10 of 3rd period - Icing by Michael Stone.
15:11 of 3rd period - Charlie Coyle wins face-off versus Sam Carrick in Ice Dragons zone.
15:31 of 3rd period - Slapshot by Chris Wagner.
15:31 of 3rd period - Stopped by Tyson Sexsmith without a rebound.
15:32 of 3rd period - Mark Olver wins face-off versus Luke Adam in Influenza zone.
16:27 of 3rd period - Snap shot by Max Domi.
16:27 of 3rd period - Shot Misses the Net.
16:49 of 3rd period - Slapshot by Jesse Graham.
16:49 of 3rd period - Shot Blocked by Damon Severson.
16:59 of 3rd period - Brandon Kozun is hit by Mark Olver.
17:25 of 3rd period - Brandon Kozun is hit by Jake Guentzel and loses puck.
18:57 of 3rd period - Ice Dragons, Harru Sateri is pulled from the net.
18:57 of 3rd period - Slapshot by Luke Adam.
18:57 of 3rd period - Shot Blocked by Jesse Graham.
18:59 of 3rd period - Snap shot by Stefan Ruzicka.
18:59 of 3rd period - Stopped by Tyson Sexsmith without a rebound.
19:00 of 3rd period - Andy Murray call a timeout for Ice Dragons.
19:00 of 3rd period - Luke Adam wins face-off versus Charlie Coyle in Influenza zone.
19:01 of 3rd period - Snap shot by Stefan Ruzicka.
19:01 of 3rd period - Goal by Stefan Ruzicka - Influenza : 5 - Ice Dragons : 5.
19:01 of 3rd period - Harru Sateri from Ice Dragons was sent back in the game.
19:02 of 3rd period - Luke Adam wins face-off versus Mark Olver in neutral zone.
19:09 of 3rd period - Slapshot by Stefan Ruzicka.
19:09 of 3rd period - Stopped by Tyson Sexsmith with a rebound.
19:17 of 3rd period - Slapshot by Mark Olver.
19:17 of 3rd period - Shot Misses the Net.
19:27 of 3rd period - William Carrier is hit by Jake Guentzel.
19:58 of 3rd period - Snap shot by Michael Stone.
19:58 of 3rd period - Stopped by Tyson Sexsmith with a rebound.
Goals for this period are 1 for Influenza vs 4 for Ice Dragons.
Shots for this period are 5 for Influenza vs 13 for Ice Dragons.
Overtime #1
0:01 of 1st overtime period - Stefan Ruzicka wins face-off versus Charlie Coyle in neutral zone.
0:08 of 1st overtime period - Snap shot by Stefan Ruzicka.
0:08 of 1st overtime period - Shot Blocked by Tim Erixon.
0:10 of 1st overtime period - Backhand shot by Stefan Ruzicka.
0:10 of 1st overtime period - Shot Blocked by Alex Killorn.
0:12 of 1st overtime period - Snap shot by Stefan Ruzicka.
0:12 of 1st overtime period - Stopped by Tyson Sexsmith without a rebound.
0:13 of 1st overtime period - Stefan Ruzicka wins face-off versus Charlie Coyle in Influenza zone.
0:14 of 1st overtime period - Snap shot by Luke Adam.
0:14 of 1st overtime period - Shot Misses the Net.
1:00 of 1st overtime period - Snap shot by Brandon Kozun.
1:00 of 1st overtime period - Deflect By Michael Chaput.
1:00 of 1st overtime period - Stopped by Tyson Sexsmith with a rebound.
2:30 of 1st overtime period - Paul Ladue is hit by Michael Stone and loses puck.
3:11 of 1st overtime period - Snap shot by Emil Pettersson.
3:11 of 1st overtime period - Deflect By Sam Carrick.
3:11 of 1st overtime period - Shot Misses the Net.
3:11 of 1st overtime period - Puck is out of play.
3:12 of 1st overtime period - Anthony Mantha wins face-off versus Sam Carrick in Influenza zone.
3:12 of 1st overtime period - Anthony Mantha is hit by Matt Corrente.
3:26 of 1st overtime period - Dmitry Sinitsyn is hit by Brayden McNabb and loses puck.
3:44 of 1st overtime period - Snap shot by Sam Carrick.
3:44 of 1st overtime period - Stopped by Tyson Sexsmith without a rebound.
3:45 of 1st overtime period - Alex Killorn wins face-off versus Stefan Ruzicka in Influenza zone.
4:31 of 1st overtime period - Brandon Kozun is hit by Beau Bennett and loses puck.
4:54 of 1st overtime period - Wrist shot by Luke Adam.
4:54 of 1st overtime period - Shot Blocked by Tim Erixon.
4:56 of 1st overtime period - Slapshot by Brayden McNabb.
4:56 of 1st overtime period - Shot Misses the Net.
Goals for this period are 0 for Influenza vs 0 for Ice Dragons.
Shots for this period are 0 for Influenza vs 3 for Ice Dragons.
ShootOut
5:00 of 1st overtime period - Round #1.
5:00 of 1st overtime period - Influenza, Beau Bennett.
5:00 of 1st overtime period - Deke by Beau Bennett.
5:00 of 1st overtime period - Goal by Beau Bennett.
5:00 of 1st overtime period - Ice Dragons, Stefan Ruzicka.
5:00 of 1st overtime period - Deke by Stefan Ruzicka.
5:00 of 1st overtime period - Stopped by Tyson Sexsmith.
5:00 of 1st overtime period - Round #2.
5:00 of 1st overtime period - Influenza, Alex Killorn.
5:00 of 1st overtime period - Deke by Alex Killorn.
5:00 of 1st overtime period - Stopped by Harru Sateri.
5:00 of 1st overtime period - Ice Dragons, Luke Adam.
5:00 of 1st overtime period - Deke by Luke Adam.
5:00 of 1st overtime period - Stopped by Tyson Sexsmith.
5:00 of 1st overtime period - Round #3.
5:00 of 1st overtime period - Influenza, Jake Guentzel.
5:00 of 1st overtime period - Backhand shot by Jake Guentzel.
5:00 of 1st overtime period - Goal by Jake Guentzel.
Back to the Top